 Dungeon Crawl Stone Soup version 0.27-a0-364-g31b3477 (webtiles) character file.

Game seed: 6419064261024463882

139 MrTaco21 the Cudgeller (level 5, -2/32 HPs)
             Began as a Gargoyle Fighter on Feb 16, 2021.
             Killed from afar by an orc wizard (7 damage)
             ... with a magic dart
             ... on level 4 of the Dungeon.
             The game lasted 00:01:12 (1142 turns).

MrTaco21 the Cudgeller (Gargoyle Fighter)           Turns: 1142, Time: 00:01:13

Health: -2/32      AC: 10    Str: 21    XL:     5   Next: 22%
Magic:  5/5        EV:  7    Int:  8    God:
Gold:   68         SH:  9    Dex:  9    Spells: 4/4 levels left

rFire    . . .     SeeInvis .   a - +0 flail
rCold    . . .     Faith    .   c - +0 kite shield
rNeg     + . .     Spirit   .   b - +0 scale mail
rPois    ∞         Reflect  .   (no helmet)
rElec    +         Harm     .   f - scarf {+Inv}
rCorr    .         Rampage  .   (no gloves)
Will     .....                  (no boots)
Stlth    ..........             (no amulet)
HPRegen  0.10/turn              (no ring)
MPRegen  0.09/turn              (no ring)

@: no status effects
A: negative energy resistance 1, electricity resistance, unbreathing,
petrification resistance, miasma immunity, AC +4
a: Evoke Invisibility


You were on level 4 of the Dungeon.
You visited 1 branch of the dungeon, and saw 3 of its levels.

You collected 68 gold pieces.

Inventory:

Hand Weapons
 a - a +0 flail (weapon)
Armour
 b - a +0 scale mail (worn)
 c - a +0 kite shield (worn)
 f - a scarf of invisibility (worn)
   (You found it on level 1 of the Dungeon)
Scrolls
 h - a scroll of enchant armour {unknown}
 i - 2 scrolls of magic mapping {unknown}
 j - a scroll of blinking {unknown}
Potions
 d - a potion of might
 e - 2 potions of curing {unknown}
 g - a potion of cancellation {unknown}
 k - a potion of lignification {unknown}
 l - a potion of heal wounds {unknown}


   Skills:
 - Level 3.2 Fighting
 + Level 5.2 Maces & Flails
 - Level 3.2 Armour
 - Level 3.2 Shields


You had 4 spell levels left.
You didn't know any spells.
Your spell library was empty.

Dungeon Overview and Level Annotations

Branches:
Dungeon (2/15)

Altars:


Innate Abilities, Weirdness & Mutations

You are resistant to torment.
Your stone body is resilient. (AC +4)
You are immune to poison.
You resist negative energy. (rN+)
You are resistant to electric shocks. (rElec)
You can survive without breathing.
You are immune to petrification.
You are immune to miasma.


Message History

The worker ant completely misses you.
Your Maces & Flails skill increases to level 5!
You have reached level 4!
You feel stronger.
You have reached level 5!
The worker ant bites you but does no damage.
The orc zaps a wand.
The mass of ice explodes!
The iceblast engulfs you.
* * * LOW HITPOINT WARNING * * *
Unknown command.
You open the door.
The worker ant bites you but does no damage.
Unknown command.
You block the worker ant's attack.
There is an open door here.
You hit the worker ant. You block the worker ant's attack.
You closely miss the worker ant. The worker ant bites you.
* * * LOW HITPOINT WARNING * * *
The orc wizard points at itself and mumbles some strange words.
The orc wizard flickers and vanishes!
Deactivating autopickup; reactivate with Ctrl-A.
The worker ant bites you but does no damage.
You sock the worker ant!
The worker ant bites you but does no damage. x2
You closely miss the worker ant. The worker ant bites you.
* * * LOW HITPOINT WARNING * * *
You hit the worker ant but do no damage.
The worker ant barely misses you. x2
Unknown command.
You sock the worker ant!
You kill the worker ant!
Something hits you but does no damage.
You hit something but do no damage. Something hits you but does no damage.
You miss something.
You hear some strange, mumbled words.
A magic dart appears from out of thin air!
The magic dart hits you.
* * * LOW HITPOINT WARNING * * *
You miss something.
You hear some strange, mumbled words.
Something tries to affect you, but you resist.
Something hits you but does no damage.
You barely miss something. Something hits you but does no damage.
You hit something. You block something's attack.
You hear some strange, mumbled words.
A magic dart appears from out of thin air!
The magic dart hits you!
You die...

# ####.############.## #
#.# #.# # #.# #.####### #
##'## ####.......# #
##...## #....#####.# ####
##.....## #.#......# ##.##
##.......## ##...####...#
....####.........####...##
.#
.......+........@{Wo....#
#...####.........####...#
##.## ##.......## ##..##
#...# ##.....## ##..#
....# ##...## #.W....#
....# ##'## #.##..## .####
######.####### #.. ### .#
#....#.......# ##. .#
#.##.#..####.# #.


You could see a phantom and an orc.

Vanquished Creatures
  A bullfrog (D:4)
  A worker ant (D:4)
  An adder (D:2)
  An ooze (D:2)
  2 dart slugs
  A leopard gecko (D:1)
  2 bats
  4 giant cockroaches (D:1)
  4 goblins
  7 hobgoblins
  2 jackals (D:1)
  4 frilled lizards
  2 rats (D:1)
32 creatures vanquished.

Notes
Turn   | Place    | Note
-------+----------+-------------------------------------------
     0 | D:1      | MrTaco21 the Gargoyle Fighter began the quest for the Orb.
     0 | D:1      | Reached XP level 1. HP: 14/14 MP: 1/1
   195 | D:1      | Reached XP level 2. HP: 19/19 MP: 2/2
   268 | D:1      | Reached skill level 3 in Maces & Flails
   474 | D:1      | Reached XP level 3. HP: 22/23 MP: 3/3
   938 | D:2      | Reached skill level 4 in Maces & Flails
   952 | D:2      | You fall into a shaft and drop 2 floors!
  1111 | D:4      | Noticed a bullfrog
  1121 | D:4      | Noticed a phantom
  1122 | D:4      | Killed a bullfrog
  1123 | D:4      | Reached skill level 5 in Maces & Flails
  1123 | D:4      | Reached XP level 4. HP: 15/28 MP: 4/4
  1123 | D:4      | Reached XP level 5. HP: 17/32 MP: 5/5
  1142 | D:4      | Killed from afar by an orc wizard

Illustrated notes

Levels and vault maps discovered:
D:1:      dpeg_arrival_long_road, layout_basic
D:2:      layout_basic
D:4:      cheibrodos_quashed, layout_loops_corners, minmay_close_crescents

Skill      XL: |  1  2  3 |
---------------+----------+-----
Maces & Flails | 3 5 |  5.2
Fighting       | |  3.2
Armour         | |  3.2
Shields        | |  3.2

Action                   |  1- 3 |  4- 6 || total
-------------------------+-------+-------++-------
Melee: Flail             |   123 |    11 ||   134
Armor: Scale mail        |    78 |     9 ||    87
Dodge: Dodged            |    38 |     2 ||    40
Block: Kite shield       |    58 |     3 ||    61

Table legend: (Time is in decaauts)
 A = Elapsed time spent in this place.
 B = Non-inter-level travel time spent in this place.
 C = Inter-level travel time spent in this place.
 D = Time resting spent in this place.
 E = Time spent auto-exploring this place.
 F = Levels seen in this place.
 G = Mean time per level.
                   A        B        C        D        E       F      G
               +--------+--------+--------+--------+--------+-----+--------+
         Total |   1205 |   1179 |     26 |      0 |    872 |   3 |  401.7 |
       Dungeon |   1205 |   1179 |     26 |      0 |    872 |   3 |  401.7 |
               +--------+--------+--------+--------+--------+-----+--------+

Top non-repeatable levels by time:
     D:1: 814 daAuts
     D:4: 198 daAuts
     D:2: 192 daAuts
